AoeStats
← cevdetaybars

Nomad

508717869Analyzed
4v4 RM · 9d ago on Sep 23, 2026· 45m 41s· 8 players
Game mode
Random Map
Map size
231×231
Population
200
Speed
Normal
Resources
Standard
Victory
Conquest
Starting age
Dark Age
Ending age
Imperial Age
RankedLock teamsTeams togetherTeam positionsShared explorationLock speedFull tech treeHidden civsTurbo modeCheats
Victory
Defeat
🇹🇷 Italians · Türkiye
1118
+16
🇹🇷 Varangians · Türkiye
1080
+17
🇹🇷 Danes · Türkiye
1058
+18
🇹🇷 Dravidians · Türkiye
1043
+19
🇬🇧 Huns · United Kingdom
1134
-19
1124
-18
🇫🇮 Koreans · Finland
1100
-17
🇨🇴 Turks · Colombia
1070
-16
Sleepy the sexy saxon sheppard
7:45 Loom
15:20 Feudal Age
15:50 Double-Bit Axe
15:56 Gold Mining
15:56 Double-Bit Axe
16:11 Man-at-Arms
16:53 Long Swordsman
18:14 Scale Mail Armor
19:05 Forging
21:07 Arson
28:52 Castle Age
26:49 Stone Mining
33:49 Imperial Age
32:01 Two-Handed Swordsman
33:04 Fletching
33:37 Bow Saw
36:38 Murder Holes
40:19 Conscription
42:10 Bodkin Arrow
robertcristiann
15:23 Feudal Age
20:06 Castle Age
18:47 Forging
19:47 Scale Barding Armor
19:58 Bloodlines
20:16 Light Cavalry
21:34 Iron Casting
22:51 Chain Barding Armor
23:21 Horse Collar
24:45 Husbandry
31:25 Town Watch
33:23 Heavy Plow
36:08 Imperial Age
33:28 Loom
34:18 Wheelbarrow
35:28 Murder Holes
36:19 Cavalier
38:29 Blast Furnace
37:32 Double-Bit Axe
37:47 Gold Mining
37:47 Stone Mining
39:05 Plate Barding Armor
41:19 Marauders
Lakupiippu
4:51 Loom
14:35 Feudal Age
21:56 Castle Age
20:47 Fletching
24:07 Horse Collar
28:54 Bodkin Arrow
HaakonFloKSven
3:46 Loom
14:22 Feudal Age
14:53 Double-Bit Axe
14:52 Horse Collar
19:00 Wheelbarrow
22:38 Castle Age
20:45 Gold Mining
21:35 Padded Archer Armor
24:07 Leather Archer Armor
24:27 Heavy Plow
24:21 Stone Mining
26:01 Bow Saw
26:33 Hand Cart
26:03 Town Watch
26:55 Fletching
28:38 Fishing Lines
30:47 Ballistics
30:26 Bodkin Arrow
37:18 Imperial Age
37:22 Treadmill Crane
38:12 Bracer
38:45 Ring Archer Armor
38:54 Artillery
39:34 Elite Janissary
40:48 Conscription
dgn.cihat
3:30 Loom
16:34 Feudal Age
17:04 Double-Bit Axe
17:12 Gold Mining
16:44 Man-at-Arms
18:18 Fishing Lines
19:19 Forging
19:10 Scale Mail Armor
21:02 Horse Collar
28:15 Castle Age
27:21 Stone Mining
29:11 Gillnets
30:44 Town Watch
35:51 Wheelbarrow
37:41 Bow Saw
40:06 Gold Shaft Mining
39:43 Heavy Plow
40:22 Hand Cart
42:52 Imperial Age
42:25 Gambesons
42:40 Squires
45:18 Stone Shaft Mining
44:45 Elite Varangian Guard
muhammedgulerydo
5:38 Loom
16:31 Feudal Age
17:08 Fishing Lines
17:34 Double-Bit Axe
18:58 Padded Archer Armor
18:49 Fletching
21:48 Castle Age
23:00 Medium Warships
22:41 Gillnets
23:10 Gold Mining
23:19 Stone Mining
24:10 Bodkin Arrow
27:57 Wheelbarrow
27:09 Town Watch
29:00 Hand Cart
33:45 Imperial Age
32:36 Stone Shaft Mining
32:08 Town Patrol
33:01 Leather Archer Armor
33:32 Ballistics
33:23 Fortified Wall
33:10 Murder Holes
32:56 Treadmill Crane
33:26 Masonry
33:08 Guard Tower
35:55 Bow Saw
36:10 Conscription
36:27 Hoardings
37:13 Chemistry
36:00 Arrowslits
36:05 Heated Shot
36:19 Scale Mail Armor
37:11 Heavy Warships
38:16 Keep
38:12 Architecture
38:17 Ring Archer Armor
39:11 Bracer
41:58 Two-Man Saw
42:22 Elite Skirmisher
44:09 Scale Barding Armor
44:20 Chain Mail Armor
Kemalius
5:11 Loom
16:15 Feudal Age
17:17 Double-Bit Axe
20:28 Castle Age
19:25 Scale Barding Armor
19:31 Forging
19:45 Bloodlines
20:04 Gold Mining
20:06 Stone Mining
20:20 Fishing Lines
23:08 Husbandry
29:43 Horse Collar
31:01 Vendel Legacy
32:35 Heavy Plow
33:31 Iron Casting
33:18 Chain Barding Armor
38:05 Imperial Age
35:49 Town Watch
36:39 Wheelbarrow
38:42 Hand Cart
39:15 Stone Shaft Mining
38:39 Cavalier
40:26 Plate Barding Armor
40:38 Conscription
41:38 Blast Furnace
41:23 Elite Varangian Guard
42:04 Squires
41:51 Arson
cevdetaybars
3:58 Loom
14:41 Feudal Age
18:31 Castle Age
16:46 Fishing Lines
17:15 Gold Mining
17:15 Double-Bit Axe
17:34 Fletching
19:20 Gillnets
20:15 Bow Saw
20:42 Gambesons
20:58 Squires
22:10 Wheelbarrow
22:37 Elite Skirmisher
24:05 Bodkin Arrow
24:30 Padded Archer Armor
25:01 Ballistics
25:49 Thumb Ring
26:33 Leather Archer Armor
28:35 Hand Cart
28:28 Town Watch
31:36 Stone Mining
32:53 Medical Corps
33:59 Horse Collar
39:52 Imperial Age
37:59 Sanctity
37:43 Atonement
38:32 Heavy Plow
41:57 Chemistry
41:00 Bracer
41:31 Ring Archer Armor
41:32 Conscription
43:09 Elite Elephant Archer
44:11 Scale Mail Armor
44:22 Forging
45:23 Elite Cannon Galleon
Connection lost

Rejoining the realm…

Still unreachable

The connection could not be restored.

Session expired

The server has moved on; the page needs a fresh start.